 Dungeon Crawl Stone Soup version 0.28-a0-691-gad6df49e81 (webtiles) character file.

Game seed: 6504255546422322486

28 chris0x the Ruffian (level 2, -1/29 HPs)
             Began as a Troll Monk on Oct 20, 2021.
             Slain by a hobgoblin (4 damage)
             ... on level 1 of the Dungeon.
             The game lasted 00:01:10 (163 turns).

chris0x the Ruffian (Troll Monk)                     Turns: 163, Time: 00:01:10

Health: -1/29      AC:  4    Str: 18    XL:     2   Next: 96%
Magic:  1/1        EV: 10    Int:  6    God:
Gold:   23         SH:  0    Dex: 12    Spells: 1/1 levels left

rFire   . . .      SeeInvis .     - Unarmed
rCold   . . .      Faith    .   (no shield)
rNeg    . . .      Spirit   .   a - +0 robe
rPois   .          Reflect  .   (helmet restricted)
rElec   .          Harm     .   (no cloak)
rCorr   .          Rampage  .   (gloves unavailable)
Will    .....                   (boots unavailable)
Stlth   ++........              (no amulet)
HPRegen 1.09/turn               (no ring)
MPRegen 0.07/turn               (no ring)

@: lethally poisoned (-1 -> -13)
A: large, unfitting armour, claws 3, regeneration 1, shaggy fur 1, tough skin 1
a: no special abilities


You were on level 1 of the Dungeon.
You visited 1 branch of the dungeon, and saw 1 of its levels.

You collected 23 gold pieces.

Inventory:

Missiles
 b - 13 stones (quivered)
Armour
 a - a +0 robe (worn)


   Skills:
 * Level 2.9 Fighting
 + Level 0.1 Throwing
 + Level 0.1 Armour
 * Level 2.6 Dodging
 - Level 1.0 Stealth
 + Level 0.1 Shields
 * Level 3.2 Unarmed Combat


You had one spell level left.
You didn't know any spells.
Your spell library was empty.

Dungeon Overview and Level Annotations

Branches:
Dungeon (1/15)

Altars:


Innate Abilities, Weirdness & Mutations

You are too large for most types of armour.
You have claws for hands.
Your natural rate of healing is unusually fast.
You are covered in fur. (AC +1)
You have tough skin. (AC +1)


Message History

A hobgoblin and a gnoll come into view.
A goblin comes into view. It is wielding a +2 dagger of venom.
The hobgoblin shouts!
The gnoll shouts!
The goblin shouts!
A giant cockroach comes into view.
You see here a scroll labelled ERY HEMILUNYZXOS.
You barely miss the hobgoblin. The hobgoblin hits you.
You barely miss the hobgoblin. The hobgoblin closely misses you.
You see here a scroll labelled ERY HEMILUNYZXOS.
You closely miss the giant cockroach. The giant cockroach misses you.
The hobgoblin barely misses you.
You claw the giant cockroach!
You kill the giant cockroach!
The goblin hits you but does no damage. The hobgoblin closely misses you.
You claw the gnoll!
The gnoll is almost dead.
The gnoll hits you but does no damage. The goblin closely misses you.
You closely miss the gnoll.
The gnoll is almost dead.
The hobgoblin hits you but does no damage.
The gnoll hits you with a +0 club.
The goblin hits you with a +2 dagger of venom.
You are poisoned.
You scratch the gnoll.
You kill the gnoll!
You feel sick. The hobgoblin hits you.
The goblin hits you with a +2 dagger of venom.
You are more poisoned.
You feel very sick. The hobgoblin barely misses you.
The goblin hits you with a +2 dagger of venom.
* * * LOW HITPOINT WARNING * * *
You are more poisoned.
Things that are here:
a +0 club; a giant cockroach corpse You scratch the hobgoblin but do no damage.
* * * LOW HITPOINT WARNING * * *
You feel very sick. The hobgoblin hits you.
You die...

## ## .. #. .# ... . .
###. ...## .#. #.#.#
.....##.##.....##.##..
......................
.....................#
.......?......##.>.#.###
......g@g...............
...............##...##..
..............#.........#
..................###....
##....##....#.....†...# .
#.....#.....##.....#..# .
#...............##....###
#.....##....##..#####....
#...........#..## #....


You could see a hobgoblin and a goblin.

Vanquished Creatures
  A gnoll (D:1)
  A dart slug (D:1)
  A bat (D:1)
  2 endoplasms (D:1)
  2 giant cockroaches (D:1)
  2 hobgoblins (D:1)
  A quokka (D:1)
  2 ball pythons (D:1)
  A frilled lizard (D:1)
  2 rats (D:1)
15 creatures vanquished.

Notes
Turn   | Place    | Note
-------+----------+-------------------------------------------
     0 | D:1      | chris0x the Troll Monk began the quest for the Orb.
     0 | D:1      | Reached XP level 1. HP: 22/22 MP: 0/0
    57 | D:1      | Reached XP level 2. HP: 26/29 MP: 1/1
   163 | D:1      | Slain by a hobgoblin

Illustrated notes

Levels and vault maps discovered:
D:1:      wander_arrival_desolate, layout_rooms,
          shapermc_ecumenical_altar_flowoftime, minmay_ruptured

Action                   || total
-------------------------++-------
Melee: Unarmed           ||    36
  Use: Scroll            ||     1
Armor: Robe              ||    18
Dodge: Dodged            ||    39

Table legend: (Time is in decaauts)
 A = Elapsed time spent in this place.
 B = Non-inter-level travel time spent in this place.
 C = Inter-level travel time spent in this place.
 D = Time resting spent in this place.
 E = Time spent auto-exploring this place.
 F = Levels seen in this place.
 G = Mean time per level.
                   A        B        C        D        E       F      G
               +--------+--------+--------+--------+--------+-----+--------+
         Total |    161 |    161 |      0 |      0 |     28 |   1 |  161.0 |
       Dungeon |    161 |    161 |      0 |      0 |     28 |   1 |  161.0 |
               +--------+--------+--------+--------+--------+-----+--------+

Top non-repeatable levels by time:
     D:1: 161 daAuts
